 Dungeon Crawl Stone Soup version 0.20-a0-537-g052e6ba (webtiles) character file.

112 Asddderdsw the Insei (level 4, 0/28 HPs)
             Began as an Octopode Transmuter on Jan 27, 2017.
             Slain by an iguana (5 damage)
             ... on level 4 of the Dungeon.
             The game lasted 00:11:23 (2394 turns).

Asddderdsw the Insei (Octopode Transmuter)          Turns: 2394, Time: 00:11:23

Health: 0/28       AC:  1    Str:  9    XL:     4   Next: 95%
Magic:  6/7        EV: 14    Int: 16    God:
Gold:   111        SH:  0    Dex: 12    Spells: 2/8 levels left

rFire    . . .     SeeInvis .     - Unarmed
rCold    + . .     Gourm    .   (no shield)
rNeg     . . .     Faith    .   (helmet restricted)
rPois    .         Spirit   .   (no amulet)
rElec    .         Reflect  .   (no ring)
rCorr    .         Harm     .   d - ring of protection from cold
MR       .....                  (no ring)
Stlth    ++........             (no ring)
Regen    0.1/turn               (no ring)
                                (no ring)
                                (no ring)
                                (no ring)

@: appendage
A: almost no armour, stealthy swim, amphibious, 8 rings, constrict 8, tentacle
spike 3, camouflage 1, gelatinous body 1
a: End Transformation


You were on level 4 of the Dungeon.
You were not hungry.
One of your tentacles had a temporary spike.
You visited 1 branch of the dungeon, and saw 4 of its levels.

You collected 111 gold pieces.

Inventory:

Missiles
 a - 20 arrows
 j - 64 stones (quivered)
 l - 8 tomahawks
Jewellery
 d - a ring of protection from cold (right tentacle)
Scrolls
 e - a scroll of enchant armour
Potions
 m - a potion of curing
 n - 2 potions of might
 p - a potion of flight {unknown}
 q - 2 potions of haste
Books
 b - a book of Changes

   Spells                             Type                      Level
   a - Beastly Appendage              Transmutation                1
   b - Sticks to Snakes               Transmutation                2
   c - Spider Form                    Transmutation/Poison         3
   d - Ice Form                       Ice/Transmutation            4
   e - Blade Hands                    Transmutation                5
Comestibles
 c - 4 bread rations
 g - a royal jelly
 o - 6 fruits


   Skills:
 + Level 1.2 Fighting
 + Level 2.7 Dodging
 + Level 0.8 Stealth
 + Level 3.9 Unarmed Combat
 + Level 2.6 Spellcasting
 + Level 2.8 Transmutations
 + Level 0.5 Poison Magic


You had 2 spell levels left.
You knew the following spells:

 Your Spells              Type           Power        Failure   Level  Hunger
a - Beastly Appendage     Tmut           ##....       8%          1    #......
b - Sticks to Snakes      Tmut           ##......     10%         2    ##.....
c - Spider Form           Tmut/Pois      #.........   34%         3    ###....


Dungeon Overview and Level Annotations

Branches:
Dungeon (4/15)
 Temple: D:4-7

Altars:
Fedhas


Innate Abilities, Weirdness & Mutations

You cannot wear most types of armour.
You are very stealthy in the water. (Stealth+)
You are amphibious.
You can wear up to eight rings at the same time.
You can use your tentacles to constrict eight enemies at once.
Your skin changes colour to match your surroundings (Stealth+).
Your rubbery body absorbs attacks. (AC +1, EV +1)
One of your tentacles bears a large vicious spike.


Message History

You tentacle-slap the iguana but do no damage.
You grab the iguana.
Your tentacle spike misses the iguana.
The iguana is lightly wounded.
You constrict the iguana, but do no damage.
The iguana bites you!
* * * LOW HITPOINT WARNING * * *
You tentacle-slap the iguana but do no damage.
You pierce the iguana, but do no damage.
The iguana is lightly wounded.
You constrict the iguana. The iguana closely misses you.
You tentacle-slap the iguana.
You squeeze the iguana, but do no damage.
The iguana is moderately wounded.
You constrict the iguana. The iguana barely misses you.
You tentacle-slap the iguana but do no damage.
You squeeze the iguana.
The iguana is heavily wounded.
You constrict the iguana, but do no damage.
The iguana bites you.
You die...

..............###
..............#
..............#
..............#
.##.....##....#
#.....##....#
........(+....####
.........#.......#
....######@##...##
#### #l# ...#
.......a.......
...............
........##.(..#
.####...# ##+##
#...# ....# .....#


You could see an iguana and a worker ant.

Vanquished Creatures
  A worker ant (D:3)
  A hound skeleton (D:4)
  3 adders
  2 dart slugs (D:1)
  A leopard gecko (D:2)
  5 orcs (D:3)
  A giant cockroach (D:1)
  8 goblins
  4 hobgoblins (D:1)
  A quokka (D:3)
  5 bats
  A frilled lizard (D:3)
  A kobold (D:1)
  9 rats
43 creatures vanquished.

Notes
Turn   | Place    | Note
-------+----------+-------------------------------------------
     0 | D:1      | Asddderdsw the Octopode Transmuter began the quest for the Orb.
     0 | D:1      | Reached XP level 1. HP: 13/13 MP: 3/3
   163 | D:1      | Reached XP level 2. HP: 7/18 MP: 3/5
   576 | D:1      | Reached XP level 3. HP: 22/23 MP: 4/6
   832 | D:2      | Learned a level 2 spell: Sticks to Snakes
   836 | D:2      | Learned a level 3 spell: Spider Form
  1224 | D:3      | Reached XP level 4. HP: 2/28 MP: 7/7
  2107 | D:3      | Found a blossoming altar of Fedhas.
  2394 | D:4      | Slain by an iguana

Vault maps used:
D:1:      ncdulo_lavacross
D:2:      lemuel_round_altar
D:3:      first_bread, fedhas_altar_fruit_tree
D:4:      kennysheep_little_box, temple_statues, okawaru_altar_gauntlet_db

Action                   |  1- 3 |  4- 6 || total
-------------------------+-------+-------++-------
Melee: Unarmed           |    60 |    56 ||   116
       Constrict         |    15 |    17 ||    32
       Kick              |     7 |     9 ||    16
       Tentacles         |     6 |    11 ||    17
       Punch             |     2 |     1 ||     3
Throw: Stone             |     1 |     3 ||     4
 Cast: Beastly Appendage |    15 |    11 ||    26
       Sticks to Snakes  |     1 |     1 ||     2
       Spider Form       |     1 |       ||     1
  Use: Scroll            |       |     6 ||     6
 Stab: Sleeping          |     2 |       ||     2
  Eat: Meat ration       |     1 |       ||     1
Armor: Skin              |     5 |     4 ||     9
Dodge: Dodged            |    45 |    29 ||    74
